 Dungeon Sprint DCSS version 0.30.1-9-gdf580d7c3d (webtiles) character file.

Game seed: 15175684341432611226

19159 Heoruswealwe the Phalangite (level 12, -6/130 HPs)
             Began as a Minotaur Fighter on Oct 14, 2023.
             Was an Initiate of Gozag.
             Mangled by a vampire knight
             ... wielding a +3 heavy dire flail
              (21 damage)
             ... in the Dungeon (Sprint IX: "|||||||||||||||||||||||||||||").
             The game lasted 00:23:11 (1899 turns).

Heoruswealwe the Phalangite (Minotaur Fighter)      Turns: 1899, Time: 00:23:11

Health: -6/130     AC: 23    Str: 33    XL:     12   Next: 34%
Magic:  20/20      EV: 11    Int:  7    God:    Gozag
Gold:   1098       SH:  0    Dex: 10    Spells: 11/11 levels left

rFire   . . .        b - +1 halberd (freeze)
rCold   . . .        (shield currently unavailable)
rNeg    . . .        c - +1 plate armour of Xin Raj {Str+4 Int+2}
rPois   .            (helmet restricted)
rElec   .            h - +0 cloak "Jaera" {Will+ MP+9}
rCorr   .            (no gloves)
SInv    .            e - +0 pair of boots
Will    +....        (no amulet) Stlth
                     k - +3 ring of strength
HPRegen 0.41/turn    j - +2 ring of evasion
MPRegen 0.17/turn

%: no teleportation
@: no status effects
A: horns 2, retaliatory headbutt
a: Renounce Religion, Potion Petition, Call Merchant, Bribe Branch


You were in the Dungeon.
You worshipped Gozag.
Gozag was most pleased with you.
You visited 1 branch You collected 9282 gold pieces.
You spent 6195 gold pieces at shops.
You paid 1989 gold pieces to Gozag.

Inventory:

Hand Weapons
 a - a +0 trident
 b - a +1 halberd of freezing (weapon)
 t - the +2 Maxwell's thermic engine {flame, freeze, rev}
   (You bought it in a shop in the Dungeon)
Armour
 c - the +1 plate armour of Xin Raj (worn) {Str+4 Int+2}
   (You bought it in a shop in the Dungeon)

   Str:       It affects your strength (+4).
   Int:       It affects your intelligence (+2).
 d - a +1 tower shield
 e - a +0 pair of boots (worn)
 h - the +0 cloak "Jaera" (worn) {Will+ MP+9}
   (You bought it in a shop in the Dungeon)

   MP:        It affects your magic capacity (+9).
   Will:      It increases your willpower.
 u - the sphere of Battle
   (You bought it in a shop in the Dungeon)

   It enhances your destructive magic.
   It weakens your non-destructive magic.
   It summons a battlesphere in combat, with strength depending on Conjurations
   skill.
Jewellery
 j - a +2 ring of evasion (right hand)
 k - a +3 ring of strength (left hand)
 q - a ring of protection from cold
 x - a ring of protection from fire
 y - a ring of protection from cold
Wands
 l - a wand of acid (10)
Scrolls
 i - 4 scrolls of identify
 o - 4 scrolls of blinking
 p - 13 scrolls of enchant weapon
 w - a scroll of enchant armour
Potions
 g - 3 potions of haste
 m - 7 potions of curing
 n - 4 potions of might
 z - 2 potions of berserk rage
Miscellaneous
 s - a phantom mirror
 v - a tin of tremorstones (2/2)


   Skills:
 + Level 19.3 Fighting
 * Level 25.9 Polearms
 + Level 19.3 Armour
 - Level 3.6 Shields


You had 11 spell levels left.
You didn't know any spells.
Your spell library was empty.

Dungeon Overview and Level Annotations

Branches:
Dungeon (1/1)

Altars:
Cheibriados
Dithmenos
Elyvilon
Fedhas
Gozag
Hepliaklqana
Kikubaaqudgha
Makhleb
Nemelex Xobeh
Okawaru
Qazlal
Ru
Sif Muna
Trog
Uskayaw
Vehumet
Wu Jian
Xom
Yredelemnul
Zin
The Shining One
Jiyva
Lugonu

Shops:
D ?*(=**[


Innate Abilities, Weirdness & Mutations

You have a pair of horns on your head.
You reflexively headbutt those who attack you in melee.


Message History

The vampire knight flickers and vanishes!
Deactivating autopickup; reactivate with Ctrl-A.
The frost giant shouts!
You are confused.
You feel invigorated.
The frost giant is no longer distracted by gold.
You hear some strange, mumbled words.
You suddenly lose the ability to move!
You can move again.
You feel less invigorated.
You feel less confused. Something hits you!!
* * * LOW HITPOINT WARNING * * *
Something barely misses you.
You barely miss something. You headbutt something.
You hear some strange, mumbled words.
Something tries to affect you, but you resist.
You puncture something! You freeze something. You headbutt something.
You hit something. You freeze something. Your headbutt misses something.
You hear some strange, mumbled words.
Something tries to affect you, but you resist.
You hit something. You freeze something. Your headbutt misses something.
Something draws life force from you.
* * * LOW HITPOINT WARNING * * *
You barely miss something. You headbutt something. You barely miss something.
Your headbutt misses something. Something hits you!
* * * LOW HITPOINT WARNING * * *
Something bites you but does no damage.
You slice something!! You hit something but do no damage.
A deep troll earth mage comes into view.
Something hits you but does no damage. Something bites you.
* * * LOW HITPOINT WARNING * * *
Something draws strength from your injuries!
Unknown command.
You closely miss something.
The deep troll earth mage shouts!
You barely miss something. Something hits you!!
You die...
Your body crumbles into a pile of gold.

▓_▓.▓.▓.▓.▓.▓.▓
▓_▓.▓.▓.▓)▓.▓.▓
▓_▓.▓.▓.▓[▓.▓.▓
▓_▓.▓.▓.▓[▓.▓.▓
▓_▓.▓.▓.▓[▓.▓.▓
▓_▓.▓.▓.▓[▓.▓?▓
▓_▓.▓.▓.▓.▓.▓?▓
▓_▓.▓.▓.▓'▓.▓.▓
▓'▓.▓'▓.▓)▓.▓@▓
▓!▓.▓.▓.▓[▓.▓{▓
▓?▓.▓.▓.▓.▓.▓u▓
▓)▓.▓.▓.▓.▓.▓C▓
▓[▓.▓.▓.▓.▓.▓C▓
▓.▓.▓.▓.▓∩▓.▓u▓
▓.▓.▓.▓.▓.▓.▓D▓
▓.▓.▓.▓.▓∩▓.▓T▓
▓.▓.▓.▓.▓.▓.▓.▓


You could see a frost giant, a red very ugly thing, a fire dragon, a stone
giant, a red ugly thing and a deep troll earth mage.

Vanquished Creatures
  Harold (D)
  A hydra (D)
  2 boulder beetles (D)
  2 centaur warriors (D)
  5 ogre magi (D)
  5 two-headed ogres (D)
  2 orc knights (D)
  A deep elf pyromancer (D)
  2 manticores (D)
  A cyclops (D)
  Joseph (D)
  A torpor snail (D)
  2 efreet (D)
  A cane toad (D)
  2 rime drakes (D)
  A meliai (D)
  6 polar bears (D)
  5 blink frogs (D)
  A slime creature (D)
  A basilisk (D)
  4 yaks (D)
  2 water moccasins (D)
  11 orc warriors (D)
  2 black bears (D)
  4 ogres (D)
  A centaur (D)
  A kobold brigand (D)
  2 bullfrogs (D)
  2 killer bees (D)
  An orc priest (D)
  A gnoll bouda (D)
  An iguana (D)
  2 orc wizards (D)
  An adder (D)
  An ufetubus (D)
  10 orcs (D)
  A goblin (D)
  2 quokkas (D)
  A bat (D)
  2 kobolds (D)
95 creatures vanquished.

Notes
Turn   | Place    | Note
-------+----------+-------------------------------------------
     0 | D        | Heoruswealwe the Minotaur Fighter began the quest for the
                  | Orb.
     0 | D        | Reached XP level 1. HP: 19/19 MP: 0/0
     9 | D        | Reached skill level 3 in Polearms
    23 | D        | Noticed an iguana
    32 | D        | Reached skill level 4 in Polearms
    36 | D        | Reached XP level 2. HP: 28/28 MP: 1/1
    38 | D        | Reached skill level 5 in Polearms
    39 | D        | Reached skill level 5 in Armour
    43 | D        | Reached skill level 5 in Fighting
    43 | D        | Reached skill level 6 in Polearms
    43 | D        | Reached XP level 3. HP: 33/36 MP: 2/2
    49 | D        | Found a snail-covered altar of Cheibriados.
    49 | D        | Found a shadowy altar of Dithmenos.
    49 | D        | Found a white marble altar of Elyvilon.
    49 | D        | Found a blossoming altar of Fedhas.
    49 | D        | Found an opulent altar of Gozag.
    50 | D        | Found a hazy altar of Hepliaklqana.
    51 | D        | Found a viscous altar of Jiyva.
    52 | D        | Found an ancient bone altar of Kikubaaqudgha.
    53 | D        | Found a corrupted altar of Lugonu.
    54 | D        | Found a burning altar of Makhleb.
    55 | D        | Found a sparkling altar of Nemelex Xobeh.
    56 | D        | Found an iron altar of Okawaru.
    57 | D        | Became a worshipper of Gozag Ym Sagoz the Greedy
    58 | D        | Found a stormy altar of Qazlal.
    59 | D        | Found a sacrificial altar of Ru.
    60 | D        | Found a shimmering blue altar of Sif Muna.
    61 | D        | Found a bloodstained altar of Trog.
    62 | D        | Found a hide-covered altar of Uskayaw.
    63 | D        | Found a radiant altar of Vehumet.
    64 | D        | Found an ornate altar of the Wu Jian Council.
    65 | D        | Found a shimmering altar of Xom.
    66 | D        | Found a basalt altar of Yredelemnul.
    67 | D        | Found a glowing silver altar of Zin.
    68 | D        | Found a glowing golden altar of the Shining One.
   128 | D        | Noticed a killer bee
   128 | D        | Noticed a yak
   128 | D        | Noticed a two-headed ogre
   128 | D        | Noticed a killer bee
   128 | D        | Noticed a kobold brigand
   132 | D        | Killed a killer bee
   133 | D        | Reached skill level 7 in Polearms
   133 | D        | Reached XP level 4. HP: 36/45 MP: 3/3
   135 | D        | Killed a yak
   136 | D        | Reached skill level 10 in Polearms
   136 | D        | Reached XP level 5. HP: 44/53 MP: 4/4
   143 | D        | Killed a two-headed ogre
   144 | D        | Reached skill level 10 in Fighting
   144 | D        | Reached skill level 14 in Polearms
   144 | D        | Reached skill level 10 in Armour
   144 | D        | Reached XP level 6. HP: 33/67 MP: 5/5
   144 | D        | Reached XP level 7. HP: 36/73 MP: 6/6
   302 | D        | Noticed a centaur warrior
   302 | D        | Noticed a meliai
   302 | D        | Noticed a manticore
   302 | D        | Noticed a centaur warrior
   302 | D        | Noticed a cyclops
   309 | D        | Killed a centaur warrior
   310 | D        | Reached skill level 16 in Polearms
   310 | D        | Reached XP level 8. HP: 52/83 MP: 7/7
   311 | D        | Killed a meliai
   316 | D        | Killed a manticore
   317 | D        | Reached skill level 17 in Polearms
   317 | D        | Reached XP level 9. HP: 33/92 MP: 8/8
   320 | D        | Killed a centaur warrior
   321 | D        | Reached skill level 18 in Polearms
   329 | D        | Killed a cyclops
   582 | D        | Noticed a torpor snail
   582 | D        | Noticed a cane toad
   593 | D        | Killed a torpor snail
   594 | D        | Reached skill level 19 in Polearms
   594 | D        | Killed a cane toad
   595 | D        | Reached XP level 10. HP: 104/104 MP: 9/9
   626 | D        | Reached skill level 20 in Polearms
   688 | D        | Noticed an eight-headed hydra
   691 | D        | Reached skill level 15 in Fighting
   691 | D        | Reached skill level 15 in Armour
   707 | D        | Killed a 14-headed hydra
   708 | D        | Reached skill level 21 in Polearms
   821 | D        | Reached XP level 11. HP: 93/114 MP: 10/10
   825 | D        | Reached skill level 22 in Polearms
   921 | D        | Noticed Harold
   935 | D        | Killed Harold
  1194 | D        | Noticed an orc knight
  1199 | D        | Killed an orc knight
  1211 | D        | Noticed an orc knight
  1224 | D        | Killed an orc knight
  1225 | D        | Reached skill level 23 in Polearms
  1376 | D        | Found Isumeov's Magic Scroll Emporium.
  1376 | D        | Noticed an ogre mage
  1376 | D        | Noticed an ogre mage
  1376 | D        | Noticed a two-headed ogre
  1378 | D        | Noticed an ogre mage
  1380 | D        | Killed an ogre mage
  1386 | D        | Killed an ogre mage
  1389 | D        | Killed a two-headed ogre
  1390 | D        | Found Mudaam's General Store.
  1396 | D        | Killed an ogre mage
  1397 | D        | Reached skill level 24 in Polearms
  1398 | D        | Noticed a two-headed ogre
  1401 | D        | Found Sesor's Weapon Emporium.
  1411 | D        | Killed a two-headed ogre
  1417 | D        | Noticed an ogre mage
  1419 | D        | Found Jakkiego's Jewellery Shoppe.
  1419 | D        | Noticed a two-headed ogre
  1420 | D        | Noticed a two-headed ogre
  1422 | D        | Noticed an ogre mage
  1426 | D        | Killed an ogre mage
  1430 | D        | Killed a two-headed ogre
  1431 | D        | Killed a two-headed ogre
  1432 | D        | Reached XP level 12. HP: 49/128 MP: 11/11
  1436 | D        | Killed an ogre mage
  1437 | D        | Reached skill level 25 in Polearms
  1517 | D        | Bought a scroll of vulnerability for 48 gold pieces
  1517 | D        | Bought a scroll of summoning for 114 gold pieces
  1517 | D        | Bought a scroll of identify for 24 gold pieces
  1519 | D        | Bought a scroll of identify for 24 gold pieces
  1519 | D        | Bought a scroll of fear for 48 gold pieces
  1519 | D        | Bought a scroll of identify for 24 gold pieces
  1519 | D        | Bought a scroll of blinking for 90 gold pieces
  1519 | D        | Bought 3 scrolls of enchant weapon for 270 gold pieces
  1519 | D        | Bought a scroll of enchant weapon for 90 gold pieces
  1519 | D        | Bought a scroll of blinking for 90 gold pieces
  1527 | D        | Bought the +2 Maxwell's thermic engine {flame, freeze, rev}
                  | for 616 gold pieces
  1527 | D        | Found the +2 Maxwell's thermic engine {flame, freeze, rev}
  1551 | D        | Bought a scroll of enchant weapon for 135 gold pieces
  1551 | D        | Bought a scroll of torment for 171 gold pieces
  1551 | D        | Bought a potion of ambrosia for 144 gold pieces
  1551 | D        | Bought a phantom mirror for 720 gold pieces
  1551 | D        | Bought the sphere of Battle for 1440 gold pieces
  1551 | D        | Found the sphere of Battle
  1556 | D        | Bought a tin of tremorstones (2/2) for 520 gold pieces
  1556 | D        | Bought a scroll of enchant armour for 97 gold pieces
  1562 | D        | Bought a pair of runed boots for 255 gold pieces
  1562 | D        | Bought a blackened plate armour for 952 gold pieces
  1562 | D        | Identified the +1 plate armour of Xin Raj {Str+4 Int+2}
                  | (You bought it in a shop in the Dungeon)
  1562 | D        | Bought a brightly glowing cloak for 323 gold pieces
  1562 | D        | Identified the +0 cloak "Jaera" {Will+ MP+9} (You bought it
                  | in a shop in the Dungeon)
  1715 | D        | Noticed Joseph
  1728 | D        | Killed Joseph
  1850 | D        | Noticed a boulder beetle
  1854 | D        | Noticed a boulder beetle
  1871 | D        | Killed a boulder beetle
  1872 | D        | Noticed a frost giant
  1873 | D        | Noticed a vampire knight
  1875 | D        | Noticed a stone giant
  1877 | D        | Noticed a red very ugly thing
  1878 | D        | Killed a boulder beetle
  1879 | D        | Noticed a fire dragon
  1887 | D        | Paralysed by something for 2 turns
  1897 | D        | Noticed a deep troll earth mage
  1899 | D        | Mangled by a vampire knight

Illustrated notes

Levels and vault maps discovered:
D:        linesprint [early_d, line_temple, items_1, d_10, items_2, lair_1,
          lair_end, items_3, orc_1, orc_end, items_4, d_15, swamp_1, shoals_1,
          snake_1, spider_1, d_20, vaults_1, items_5, swamp_end, shoals_end,
          snake_end, spider_end, vaults_end, d_27, items_6, zot_1, zot_end,
          crypt_end, forest_end, elf_end, slime_end, tomb_end, abyss_end,
          pan_hell_end]

Skill      XL: |  1  2  3  4  5  6  7  8  9 10 11 12 |
---------------+-------------------------------------+-----
Polearms       | 4 6 7 10 14 16 17 19 21 24 25 | 25.9
Fighting       | 4 5 6 8 10 12 14 16 18 19 | 19.3
Armour         | 4 5 6 8 10 12 14 16 18 19 | 19.3
Shields        | |  3.6

Action                     |  1- 3 |  4- 6 |  7- 9 | 10-12 || total
---------------------------+-------+-------+-------+-------++-------
  Melee: Trident           |    31 |       |       |       ||    31
         Headbutt          |     5 |     4 |    14 |    37 ||    60
         Halberd           |     4 |    11 |    49 |   233 ||   297
 Invoke: Call Merchant     |       |       |       |     3 ||     3
    Use: Potion            |       |       |     2 |     7 ||     9
         Scroll            |       |       |       |     1 ||     1
   Stab: Distracted        |       |       |       |     2 ||     2
 Armour: Scale mail        |    14 |       |       |       ||    14
         Chain mail        |     5 |     2 |    27 |    51 ||    85
         Plate armour      |       |       |       |    21 ||    21
  Dodge: Dodged            |     8 |     6 |    14 |    79 ||   107
  Block: Buckler           |     8 |       |       |       ||     8
